 Dungeon Crawl Stone Soup version 0.21-a0-207-g4a9efaf (webtiles) character file.

1722 pkoi the Slasher (level 8, -4/71 HPs)
             Began as a Minotaur Monk on Aug 20, 2017.
             Was an Elder of Dithmenos.
             Slain by tehllama's ghost (6 damage)
             ... on level 6 of the Dungeon.
             The game lasted 00:11:52 (5524 turns).

pkoi the Slasher (Minotaur Monk)                    Turns: 5524, Time: 00:11:53

Health: -4/71      AC:  3    Str: 19      XL:     8   Next: 75%
Magic:  9/9        EV: 14    Int: 12      God:    Dithmenos [****..]
Gold:   295        SH:  0    Dex: 10 (12) Spells: 7/7 levels left

rFire    + . .     SeeInvis .   q - +0 long sword
rCold    + . .     Gourm    .   (no shield)
rNeg     . . .     Faith    .   b - +0 robe
rPois    +         Spirit   .   i - +0 hat
rElec    +         Reflect  .   (no cloak)
rCorr    +         Harm     .   y - +0 pair of gloves
MR       .....                  (no boots)
Stlth    ++++......             (no amulet)
HPRegen  0.21/turn              (no ring)
MPRegen  0.11/turn              (no ring)

@: brilliant, resistant, slowed, wreathed by umbra, very slow
A: retaliatory headbutt, horns 2
a: Shadow Step, Renounce Religion


You were on level 6 of the Dungeon.
You worshipped Dithmenos.
Dithmenos was greatly pleased with you.
You were not hungry.

You visited 2 branches of the dungeon, and saw 7 of its levels.

You collected 295 gold pieces.

Inventory:

Hand Weapons
 q - a +0 long sword (weapon)
Missiles
 m - 2 javelins (quivered)
Armour
 b - a +0 robe (worn)
 i - a +0 hat (worn)
 y - a +0 pair of gloves (worn)
Jewellery
 t - an uncursed ring of stealth {unknown}
 w - an uncursed amulet of harm {unknown}
Wands
 s - a wand of enslavement (13/24)
 A - a wand of confusion (30/48)
Scrolls
 d - 3 scrolls of amnesia {unknown}
 h - 2 scrolls of fog
 j - a scroll of immolation {unknown}
 k - a scroll of enchant armour {unknown}
 o - 4 scrolls of identify {unknown}
 p - a scroll of recharging {unknown}
 r - 3 scrolls of fear {unknown}
Potions
 e - a potion of brilliance
 f - 6 potions of curing
 g - 2 potions of flight {unknown}
Books
 x - a book of Changes

   Spells                             Type                      Level
   a - Beastly Appendage              Transmutation                1
   b - Sticks to Snakes               Transmutation                2
   c - Spider Form                    Transmutation/Poison         3
   d - Ice Form                       Ice/Transmutation            4
   e - Blade Hands                    Transmutation                5
Comestibles
 c - 8 bread rations
 l - 6 fruits
 n - 5 royal jellies
 v - 2 meat rations


   Skills:
 + Level 6.8 Fighting
 + Level 7.2 Long Blades
 + Level 3.0 Throwing
 + Level 6.3 Dodging
 + Level 4.8 Stealth
 - Level 3.4 Invocations


You had 7 spell levels left.
You didn't know any spells.

Dungeon Overview and Level Annotations

Branches:
Dungeon (6/15)             Temple (1/1) D:4

Altars:
Ashenzari
Cheibriados
Dithmenos
Elyvilon
Fedhas
Gozag
Hepliaklqana
Kikubaaqudgha
Makhleb
Nemelex Xobeh
Okawaru
Qazlal
Ru
Sif Muna
Trog
Uskayaw
Vehumet
Wu Jian
Xom
Yredelemnul
Zin
The Shining One

Annotations:
D:6 tehllama's ghost, novice OpTm


Innate Abilities, Weirdness & Mutations

You reflexively headbutt those who attack you in melee.
You have a pair of horns on your head.


Message History

The orc wizard misses you.
You riposte.
You barely miss the orc wizard.
It was a potion of curing.
You feel better. The orc wizard barely misses you. The orc wizard misses you.
You furiously retaliate!
You headbutt the orc wizard. The orc wizard completely misses you.
The orc wizard hits you with a dagger.
* * * LOW HITPOINT WARNING * * *
The orc wizard hits you with a dagger.
* * * LOW HITPOINT WARNING * * *
The orc wizard points at you and mumbles some strange words.
You feel yourself slow down.
Tehllama's ghost hits you but does no damage.
The crimson imp blinks!
Tehllama's ghost misses you. The orc wizard casts a spell at you.
The magic dart hits you!
* * * LOW HITPOINT WARNING * * *
The crimson imp blinks!
Tehllama's ghost barely misses you.
You riposte.
You barely miss tehllama's ghost. Tehllama's ghost hits you.
You die...

#...###.......
####...#.#.##....
#.##.#......#†...
###.##.#.#........#
#(.....#...#..#....
#.#....##..#..#....
###.#..##.#.........#
####..<...##.##........#
........@.........#......
#####...Wo§..............
#####.###.........#.#####
'....../......##....# #
#####..p.#..........# #
######.5...#.##...##
#§§§#..#.#..###....####
#§#§#§.§..............#
#o#§§...............#.#


You could see an orc wizard and tehllama's ghost.

Vanquished Creatures
  Pikel (D:6)
  An orc warrior (D:6)
  An ice beast (D:5)
  3 ogres
  A phantom (D:5)
  A scorpion (D:6)
  A crimson imp (D:5)
  A quasit (D:3)
  A bullfrog zombie (D:3)
  An orc priest (D:3)
  A gnoll shaman (D:5)
  2 hounds (D:4)
  An orc wizard (D:4)
  2 iguanas (D:4)
  A bullfrog skeleton (D:4)
  7 worker ants
  A hound zombie (D:5)
  3 gnolls (D:5)
  6 adders
  3 oozes
  2 adder skeletons (D:4)
  4 worms
  A dart slug (D:1)
  4 leopard geckos
  10 orcs
  6 bats
  4 giant cockroaches
  8 goblins
  10 hobgoblins
  9 jackals
  A quokka (D:2)
  A ball python (D:4)
  4 frilled lizards
  A giant cockroach zombie (D:4)
  5 kobolds
  8 rats
117 creatures vanquished.

Vanquished Creatures (others)
  A bullfrog (D:6)
  An orc wizard (D:6)
  A leopard gecko (D:6)
3 creatures vanquished.

Grand Total: 120 creatures vanquished

Notes
Turn   | Place    | Note
-------+----------+-------------------------------------------
     0 | D:1      | pkoi the Minotaur Monk began the quest for the Orb.
     0 | D:1      | Reached XP level 1. HP: 19/19 MP: 0/0
   136 | D:1      | Reached skill level 4 in Long Blades
   136 | D:1      | Reached XP level 2. HP: 20/26 MP: 1/1
   721 | D:2      | Found a faded altar of an unknown god.
   735 | D:2      | Reached XP level 3. HP: 31/31 MP: 2/2
  1170 | D:2      | Found a shadowy altar of Dithmenos.
  1176 | D:2      | Became a worshipper of Dithmenos the Shadowed
  1176 | D:2      | Reached * piety under Dithmenos
  1176 | D:2      | Reached ** piety under Dithmenos
  1502 | D:3      | Reached skill level 1 in Throwing
  1502 | D:3      | Reached XP level 4. HP: 15/40 MP: 3/3
  1911 | D:3      | Found a hide-covered altar of Uskayaw.
  2054 | D:3      | Reached XP level 5. HP: 46/46 MP: 4/4
  2165 | D:3      | Found a glowing golden altar of the Shining One.
  2328 | D:3      | Found a shattered altar of Ashenzari.
  2403 | D:4      | Reached skill level 1 in Invocations
  2551 | D:3      | Reached skill level 5 in Long Blades
  2727 | D:4      | Found a staircase to the Ecumenical Temple.
  2736 | Temple   | Entered the Ecumenical Temple
  3012 | D:4      | Reached XP level 6. HP: 53/53 MP: 4/6
  3161 | D:4      | Reached *** piety under Dithmenos
  3727 | D:4      | Reached skill level 5 in Fighting
  3727 | D:4      | Reached XP level 7. HP: 61/61 MP: 7/7
  3915 | D:5      | Entered Level 5 of the Dungeon
  3938 | D:5      | Reached skill level 5 in Dodging
  4448 | D:5      | Reached skill level 6 in Long Blades
  4807 | D:5      | Reached XP level 8. HP: 26/70 MP: 9/9
  5191 | D:6      | Noticed tehllama's ghost (novice OpTm)
  5224 | D:6      | Reached **** piety under Dithmenos
  5296 | D:6      | Noticed Pikel
  5343 | D:6      | Killed Pikel
  5343 | D:6      | Reached skill level 7 in Long Blades
  5487 | D:6      | Found a deep blue altar of Sif Muna.
  5523 | D:6      | HP: 1/71 [orc wizard/magic dart (8)]
  5524 | D:6      | Slain by tehllama's ghost

Vault maps used:
D:1:      arrival_zaba_pyramid
D:2:      lemuel_crystal_altar, chequers_ecumenical_altar_simple,
          minmay_goblin_kobold_house
D:3:      lemuel_coloured_pillars_altar, eat_drink_and_be_merry_uskayaw,
          lemuel_doored_altar, first_bread
D:4:      minmay_temple_entry_grid, serial_bayou, serial_bayou_lagoon_b,
          serial_bayou_ford_a, serial_bayou_pond_a, serial_bayou_pond_a
D:5:      minmay_misc_feat_iff
D:6:      kennysheep_orc_sif_temple, minmay_misc_feat_five, uniq_pikel
Temple:   dpeg_five_rooms_temple

Skill      XL: |  1  2  3  4  5  6  7  8 |
---------------+-------------------------+-----
Long Blades    | 4 5 6 7 |  7.2
Stealth        | 2 3 4 |  4.8
Throwing       | 1 3 |  3.0
Dodging        | 4 5 6 |  6.3
Fighting       | 4 5 6 |  6.8
Invocations    | 1 2 3 |  3.4

Action                   |  1- 3 |  4- 6 |  7- 9 || total
-------------------------+-------+-------+-------++-------
Melee: Falchion          |    82 |    16 |       ||    98
       Headbutt          |    10 |    21 |    28 ||    59
       Long sword        |       |    75 |   112 ||   187
Throw: Javelin           |       |     2 |       ||     2
  Use: Potion            |       |       |     6 ||     6
       Scroll            |       |       |     1 ||     1
 Stab: Sleeping          |     6 |     4 |     5 ||    15
  Eat: Chunk             |     2 |     7 |     6 ||    15
Armor: Robe              |     7 |     7 |     9 ||    23
Dodge: Dodged            |    68 |    87 |    87 ||   242
       Rpst.: Falchion   |    17 |     5 |       ||    22
       Long sword        |       |    21 |    22 ||    43
